 Dungeon Crawl Stone Soup version 0.29-a0-397-g846e4a0bbc (webtiles) character file.

Game seed: 4480060359833758534

3713 Kenran the Nimble (level 9, -9/51 (56) HPs)
             Began as a Spriggan Transmuter on May 10, 2022.
             Was an Initiate of Gozag.
             Mangled by a wight
             ... wielding a +4 battleaxe
              (17 damage)
             ... on level 8 of the Dungeon on May 11, 2022.
             The game lasted 00:27:01 (12884 turns).

Kenran the Nimble (Spriggan Transmuter)            Turns: 12884, Time: 00:27:02

HP:   -9/51 (56)    AC:  7    Str:  6    XL:     9   Next: 91%
MP:   13/17         EV: 14    Int: 18    God:    Gozag
Gold: 1066          SH:  0    Dex: 16    Spells: 13/18 levels left

rFire   x . .      SeeInvis +     - Unarmed
rCold   + + +      Faith    .   (shield currently unavailable)
rNeg    + . .      Spirit   .   (body armour currently unavailable)
rPois   +          Reflect  .   (helmet currently unavailable)
rElec   .          Harm     .   (cloak currently unavailable)
rCorr   +          Rampage  .   (gloves unavailable)
Will    +....      Rage     1%  (boots unavailable)
Stlth   +++.......              (no amulet)
HPRegen 0.17/turn               m - ring of resist corrosion
MPRegen 0.15/turn               p - ring of positive energy

@: ice-form, drained
A: freezing attack, amphibious, boosted hp, large, no large weapons, unfitting
armour, see invisible, (speed 3), (hooves 1), berserk 1
a: End Transformation, Renounce Religion, Potion Petition, Call Merchant, Bribe
Branch


You were on level 8 of the Dungeon.
You worshipped Gozag.
Gozag was most pleased with you.
You were a creature of crystalline ice.
You visited 1 branch of the dungeon, and saw 8 of its levels.

You collected 1163 gold pieces.
You paid 97 gold pieces to Gozag.

Inventory:

Hand Weapons
 v - a +1 demon whip of pain
Missiles
 l - 11 poisoned darts
 r - 2 throwing nets
Armour
 b - a +2 robe of willpower (melded)
 j - a +2 cloak (melded)
Jewellery
 m - a ring of resist corrosion (left front paw)
 p - a ring of positive energy (right front paw)
Wands
 t - a wand of flame (12)
Scrolls
 a - a scroll of enchant armour
 d - 3 scrolls of fear
 e - a scroll of magic mapping {unknown}
 f - a scroll of enchant weapon {unknown}
 g - 2 scrolls of poison {!r}
 i - 3 scrolls of vulnerability {unknown}
 k - a scroll of immolation {unknown}
 n - 4 scrolls of teleportation
 o - 2 scrolls of summoning {unknown}
 q - 4 scrolls of amnesia
Potions
 c - a potion of heal wounds {@q2}
 h - 6 potions of brilliance
 s - a potion of curing {@q1}


   Skills:
 - Level 5.2 Fighting
 + Level 8.6 Dodging
 - Level 4.1 Stealth
 + Level 7.5 Unarmed Combat
 - Level 5.0 Spellcasting
 + Level 7.5 Transmutations
 - Level 1.0 Ice Magic


You had 13 spell levels left.
You knew the following spells:

 Your Spells              Type           Power      Damage    Failure   Level
a - Beastly Appendage     Tmut           62%        N/A       1%          1
b - Ice Form              Ice/Tmut       19%        N/A       22%         4

Your spell library contained the following spells:

 Spells                   Type           Power      Damage    Failure   Level
 Wereblood                Tmut           31%        N/A       1%          2
 Spider Form              Tmut/Pois      18%        N/A       9%          3
 Animate Skeleton         Necr           8%         N/A       13%         1
 Apportation              Tloc           8%         N/A       13%         1
 Slow                     Hex            16%        N/A       13%         1
 Summon Small Mammal      Summ           16%        N/A       13%         1
 Static Discharge         Conj/Air       4%         N/A       21%         2
 Confusing Touch          Hex            4%         N/A       36%         3
 Vampiric Draining        Necr           4%         2d6       36%         3
 Lightning Bolt           Conj/Air       2%         1d13      98%         5
 Maxwell's Capacitive Co  Air            2%         ∞         100%        8


Dungeon Overview and Level Annotations

Branches:
Dungeon (8/15)             Temple (0/1) D:6
   Lair: D:8-11

Altars:
Ashenzari
Cheibriados
Dithmenos
Elyvilon
Gozag
Hepliaklqana
Makhleb
Trog
Vehumet
Xom
Yredelemnul
The Shining One

Annotations:
D:2 1 runed translucent door, Crazy Yiuf
D:5 Prince Ribbit
D:7 exclusion: gargoyle


Innate Abilities, Weirdness & Mutations

You are a creature of crystalline ice.
You have a powerful freezing melee attack.
You are amphibious.
Your maximum health is increased.
Your armour is entirely melded.
You are incapable of wielding weapons or throwing items.
You are very small and have problems with some larger weapons.
You are too small for most types of armour.
You have supernaturally acute eyesight. (SInv)
((You cover ground extremely quickly. (Speed+++)))
((You have large cloven feet.))
You tend to lose your temper in combat.


Message History

No target in view!
You now have 1066 gold pieces (gained 6).
Things that are here:
a +0 dagger; a +0 robe As you open the door, it creaks loudly!
There is an open door here.
A wight comes into view.
It is wielding a +2 short sword of freezing.
Casting: Beastly Appendage (safe; 1% risk of failure)
Confirm with . or Enter, or press ? or * to list all spells.
You grow a pair of large bovine horns.
Your feet morph into talons.
Casting: Beastly Appendage (safe; 1% risk of failure)
Confirm with . or Enter, or press ? or * to list all spells.
The spell is quite dangerous to miscast (22% risk of failure)!
Continue anyway?
Your horns disappear.
Your talons disappear.
You turn into a creature of crystalline ice.
Your +2 cloak melds into your body.
Your +2 robe of willpower melds into your body.
You feel less strong-willed.
The wight hits you with a +2 short sword of freezing.
You partially resist.
You feel drained.
You hit the wight.
The wight is moderately damaged.
The wight hits you with a +2 short sword of freezing!
You should not fight recklessly!
The wight attacks as you move away!
The wight hits you with a +2 short sword of freezing!
You partially resist.
You feel drained. The wight attacks as you move away!
The wight hits you with a +2 short sword of freezing.
You partially resist.
You feel drained. The wight hits you with a +4 battleaxe!
* * * LOW HITPOINT WARNING * * *
The wight attacks as you move away!
The wight hits you with a +2 short sword of freezing.
* * * LOW HITPOINT WARNING * * *
The wight attacks as you move away!
The wight hits you with a +2 short sword of freezing.
* * * LOW HITPOINT WARNING * * *
The wight attacks as you move away! The wight hits you with a +4 battleaxe!
You die...
Your body crumbles into a pile of gold.

.........#.......#....#.#....#..#
......#..#.....).##...###...##.##
...8..#.#.........#..))#....##.#
..................##.......###)#
.8..........z......#.>.8.>.# #.#
................####.......###.#
.............z....#....#....##.#
..##.....z.....z###...###...##.##
...##..........zY#....# #....#..#
#..............8.## ##.8....#
..............#...# #...#..#
........#####.##'## ##.##.##
..... #....# #....# .... ######
###### ....


You could see 5 wights.

Vanquished Creatures
  A manticore (D:7)
  A cyclops (D:7)
  Grinder (D:4)
  Sigmund (D:2)
  2 sky beasts (D:7)
  A black bear (D:7)
  An ice beast (D:6)
  2 centaurs
  A kobold brigand (D:7)
  Blork the orc (D:5)
  2 necrophages
  2 scorpions
  A bullfrog (D:7)
  10 wights
  A howler monkey (D:7)
  A crimson imp (D:4)
  2 jellies
  3 gnoll shamans (D:7)
  2 orc priests (D:5)
  Terence (D:3)
  Jessica (D:3)
  4 iguanas (D:6)
  15 orc wizards
  Robin (D:2)
  13 gnolls
  6 adders
  3 white imps
  2 ufetubi
  2 worms (D:2)
  A dart slug (D:4)
  34 orcs
  5 bats
  8 endoplasms
  4 giant cockroaches
  17 goblins
  4 hobgoblins
  11 kobolds
  2 quokkas
  4 ball pythons
  5 frilled lizards
179 creatures vanquished.

Vanquished Creatures (others)
  A quokka (D:6)
  5 fungi (D:1)
  4 toadstools (D:1)
10 creatures vanquished.

Grand Total: 189 creatures vanquished

Notes
Turn   | Place    | Note
-------+----------+-------------------------------------------
     0 | D:1      | Kenran the Spriggan Transmuter began the quest for the Orb.
     0 | D:1      | Reached XP level 1. HP: 9/9 MP: 5/5
   554 | D:1      | Reached skill level 3 in Dodging
   892 | D:1      | Found a faded altar of an unknown god.
   913 | D:1      | Reached XP level 2. HP: 13/14 MP: 6/6
  1874 | D:2      | Reached skill level 1 in Fighting
  1874 | D:2      | Reached skill level 1 in Stealth
  2035 | D:2      | Noticed Sigmund
  2055 | D:2      | Killed Sigmund
  2056 | D:2      | Reached XP level 3. HP: 18/18 MP: 8/8
  2056 | D:2      | Reached XP level 4. HP: 23/23 MP: 9/9
  2056 | D:2      | Reached XP level 5. HP: 26/26 MP: 10/10
  2163 | D:2      | Found a runed translucent door.
  2164 | D:2      | Noticed Crazy Yiuf
  2282 | D:2      | Noticed Robin
  2365 | D:2      | Killed Robin
  2530 | D:2      | Learned a level 4 spell: Ice Form
  3381 | D:3      | Noticed Terence
  3406 | D:3      | Killed Terence
  3407 | D:3      | Reached XP level 6. HP: 17/32 MP: 11/11
  3639 | D:3      | Found a snail-covered altar of Cheibriados.
  3938 | D:3      | Found a glowing golden altar of the Shining One.
  4124 | D:3      | Noticed Jessica
  4134 | D:3      | Killed Jessica
  4622 | D:4      | Noticed Grinder
  4637 | D:4      | Gained mutation: You tend to lose your temper in combat.
                  | [potion of mutation]
  4637 | D:4      | Gained mutation: You have large cloven feet. [potion of
                  | mutation]
  4646 | D:4      | Killed Grinder
  4647 | D:4      | Reached skill level 4 in Dodging
  4647 | D:4      | Reached skill level 5 in Unarmed Combat
  4647 | D:4      | Reached XP level 7. HP: 30/36 MP: 12/12
  5048 | D:4      | Found a hazy altar of Hepliaklqana.
  5271 | D:4      | Found a shimmering altar of Xom.
  5271 | D:4      | Found a burning altar of Makhleb.
  5552 | D:5      | Entered Level 5 of the Dungeon
  5812 | D:5      | Noticed Prince Ribbit
  5961 | D:5      | Found a radiant altar of Vehumet.
  5962 | D:5      | Found an opulent altar of Gozag.
  5967 | D:5      | Became a worshipper of Gozag Ym Sagoz the Greedy
  5986 | D:5      | Noticed Blork the orc
  6738 | D:5      | Killed Blork the orc
  7303 | D:4      | Reached skill level 5 in Dodging
  7653 | D:5      | Reached XP level 8. HP: 42/42 MP: 14/14
  8184 | D:6      | Found a white marble altar of Elyvilon.
  8199 | D:6      | Reached skill level 5 in Spellcasting
  8716 | D:6      | Reached skill level 5 in Transmutations
  8959 | D:6      | Found a bloodstained altar of Trog.
  8959 | D:6      | Found a shadowy altar of Dithmenos.
  9019 | D:6      | Found a staircase to the Ecumenical Temple.
  9211 | D:6      | Reached skill level 1 in Ice Magic
  9809 | D:7      | Identified the +4 mace of Hacking and Slashing {drain, Fly}
  9830 | D:7      | Found a broken altar of Ashenzari.
  9859 | D:7      | Noticed a cyclops
  9874 | D:7      | Killed a cyclops
  9875 | D:7      | Reached skill level 6 in Dodging
  9875 | D:7      | Reached XP level 9. HP: 41/46 MP: 13/17
 10029 | D:7      | Found a radiant altar of Vehumet.
 10160 | D:7      | Noticed a manticore
 10166 | D:7      | Found a basalt altar of Yredelemnul.
 10173 | D:7      | HP: 2/55 [manticore (6)]
 10176 | D:7      | Killed a manticore
 10177 | D:7      | Reached skill level 5 in Fighting
 10177 | D:7      | Reached skill level 7 in Dodging
 10491 | D:7      | Noticed a gargoyle
 11449 | D:7      | Upgraded the game from 0.29-a0-393-g47a863cc1b to
                  | 0.29-a0-397-g846e4a0bbc
 11665 | D:8      | Reached skill level 8 in Dodging
 12884 | D:8      | Mangled by a wight

Illustrated notes

Levels and vault maps discovered:
D:1:      saegor_arrival_simple_d, layout_basic,
          dreamdust_ecumenical_altar_statues, minmay_gold_behind_fungi
D:2:      cheibrodos_helix_gallery, layout_loops_corners, uniq_robin,
          uniq_crazy_yiuf_cottage, uniq_sigmund
D:3:      layout_loops_ring, lemuel_doored_altar, general_overflow_altar,
          uniq_terence, uniq_jessica
D:4:      layout_loops_ring, grunt_temple_overflow_champion_of_chaos,
          nicolae_overflow_crystal_walls, serial_glass, glass_columns_a,
          glass_columns_a, glass_columns_a, glass_columns_b, glass_columns_a,
          glass_columns_c, glass_columns_c, glass_columns_c, glass_columns_b,
          glass_columns_b, uniq_grinder
D:5:      layout_cave_pools, gammafunk_temple_overflow_statue,
          serial_park_tiny_pond, uniq_blork_the_orc, uniq_prince_ribbit1
D:6:      layout_basic, elyvilon_altar_4, gammafunk_temple_overflow_pools,
          minmay_temple_entry_fiery
D:7:      layout_loops_ring, kennysheep_mini, hangedman_feature_mirror
D:8:      layout_rooms, grunt_ministairs_13, minmay_misc_feat_plants,
          serial_bayou_pond_d, centaur_isle

Skill      XL: |  1  2  3  4  5  6  7  8  9 |
---------------+----------------------------+-----
Dodging        | 3 4 5 6 8 |  8.6
Unarmed Combat | 4 5 6 7 |  7.5
Fighting       | 2 3 4 5 |  5.2
Stealth        | 2 3 4 |  4.1
Spellcasting   | 3 5 |  5.0
Transmutations | 6 7 |  7.5
Ice Magic      | 1 |  1.0

Action                   |  1- 3 |  4- 6 |  7- 9 || total
-------------------------+-------+-------+-------++-------
Melee: Unarmed           |    90 |   166 |   503 ||   759
       Punch             |     2 |     7 |    16 ||    25
       Kick              |     2 |    27 |   143 ||   172
       Headbutt          |     2 |    15 |    62 ||    79
 Cast: Beastly Appendage |     4 |    20 |    38 ||    62
       Ice Form          |       |       |     8 ||     8
Evoke: Wand              |       |       |     2 ||     2
  Use: Potion            |     1 |     5 |     7 ||    13
       Scroll            |       |     2 |     4 ||     6
 Stab: Sleeping          |     2 |     4 |     5 ||    11
       Distracted        |       |       |     2 ||     2
Armor: Robe              |    15 |    23 |    43 ||    81
       Skin              |     3 |     2 |    21 ||    26
Dodge: Dodged            |    62 |    99 |   352 ||   513

Table legend: (Time is in decaauts)
 A = Elapsed time spent in this place.
 B = Non-inter-level travel time spent in this place.
 C = Inter-level travel time spent in this place.
 D = Time resting spent in this place.
 E = Time spent auto-exploring this place.
 F = Levels seen in this place.
 G = Mean time per level.
                   A        B        C        D        E       F      G
               +--------+--------+--------+--------+--------+-----+--------+
         Total |  10616 |  10263 |    353 |   4575 |   3812 |   8 | 1327.0 |
       Dungeon |  10616 |  10263 |    353 |   4575 |   3812 |   8 | 1327.0 |
               +--------+--------+--------+--------+--------+-----+--------+

Top non-repeatable levels by time:
     D:7: 2282 daAuts
     D:4: 1656 daAuts
     D:6: 1558 daAuts
     D:1: 1440 daAuts
     D:2: 1160 daAuts
     D:5: 1082 daAuts
     D:3: 1016 daAuts
     D:8: 419 daAuts
